Map: Central Protocol

Players

Miltreta

  • Race: Terran Terran
  • League: Bronze

Bhop - Winner!

  • Race: Protoss Protoss
  • League: Bronze

VOD

Have the link to the VOD?

Description

Time

  • Played on: March 14, 2016, 10:21 p.m.
  • Length: 14:35
Show
View Real Time Build Order
Export as new Build Order

Miltreta Terran 

Build Orders: Bio Tank 

Get SALT Encoding   

  12  0:01  SCV  
  13  0:15  Supply Depot  
  13  0:18  SCV  
  14  0:30  SCV  
  14  0:32  Refinery  
  15  0:44  Barracks  
  15  0:47  SCV  
  16  1:01  SCV  
  17  1:14  SCV, Refinery  
  18  1:24  Supply Depot  
  18  1:26  SCV  
  19  1:45  SCV  
  20  1:48  Barracks Tech Lab  
  20  1:54  Factory  
  20  1:58  SCV  
  21  2:13  Marine  
  22  2:17  SCV  
  23  2:50  Barracks  
  23  2:52  SCV, Barracks Tech Lab  
  23  2:55  Command Center  
  24  2:58  Siege Tank  
  27  3:07  Barracks  
  27  3:12  SCV  
  28  3:16  Stimpack  
  28  3:36  Barracks  
  28  3:37  SCV  
  29  3:42  Marine  
  29  3:44  Marine  
  31  3:53  Orbital Command  
  31  4:06  Widow Mine  
  34  4:13  Starport  
  33  4:19  SCV  
  34  4:25  Barracks Reactor  
  34  4:26  Barracks Reactor  
  34  4:28  Barracks Tech Lab  
  34  4:43  SCV  
  35  4:59  Bunker  
  35  5:08  Engineering Bay  
  35  5:12  Marine x2  
  35  5:13  Engineering Bay, Marine x2  
  39  5:14  Marauder  
  39  5:15  Marauder, Siege Tank  
  46  5:24  Orbital Command  
  46  5:50  Supply Depot  
  46  5:51  Supply Depot  
  46  5:53  Supply Depot  
  46  6:02  Medivac  
  48  6:07  SCV x2  
  50  6:22  Marine x3  
  50  6:23  Marine  
  50  6:24  Marauder  
  50  6:25  Marauder  
  58  6:26  Siege Tank  
  58  6:32  Combat Shields, Medivac  
  63  6:33  Concussive Shells  
  63  6:37  Terran Infantry Armor Level 1, Terran Infantry Weapons Level 1  
  63  6:49  SCV  
  63  6:50  SCV, Refinery  
  65  7:00  Refinery  
  65  7:02  SCV x2, Supply Depot  
  65  7:03  Supply Depot  
  65  7:06  Supply Depot  
  67  7:10  Marine x3  
  67  7:11  Marine  
  67  7:13  Siege Tank  
  74  7:17  Starport Reactor  
  74  7:45  Marine x4  
  74  7:46  Marine  
  74  7:47  Marine  
  74  7:48  Siege Tank  
  52  8:45  Marine x4  
  52  8:47  Marauder x2  
  60  8:48  Siege Tank  
  60  8:50  Medivac x2  
  60  8:53  SCV x2  
  69  9:05  SCV, Marine x3  
  69  9:06  SCV, Marine  
  75  9:16  Armory  
  75  9:35  Marine x3  
  75  9:36  Marine x2  
  75  9:37  Marine  
  81  9:38  Siege Tank  
  81  9:40  Medivac x2  
  88  9:58  Marine x4  
  88  9:59  Marauder  
  96  10:00  Marauder  
  69  10:22  Marine x4  
  69  10:23  Marine  
  50  10:37  Marine  
  50  10:39  Siege Tank  
  50  10:40  Medivac x2, Marine  
  59  10:53  Starport  
  59  10:55  Factory  
  59  11:00  Barracks  
  59  11:17  Command Center  
  59  11:22  Liberator  
  59  11:23  Liberator  
  53  11:33  Marine x4  
  53  11:35  Marauder x2  
  53  11:36  Siege Tank  
  67  11:46  Starport Reactor  
  70  11:49  Factory Tech Lab  
  70  11:54  Terran Infantry Weapons Level 2  
  70  11:55  Marine  
  70  11:56  Marine  
  70  11:57  Marine x2  
  74  12:06  SCV x2  
  76  12:11  Marine  
  76  12:12  Marine  
  78  12:21  Siege Tank x2  
  84  12:39  Refinery  
  84  12:53  Marine  
  84  12:54  Marine x4  
  84  12:55  Marine  
  84  12:57  Siege Tank x2  
  96  12:59  Medivac x2  
  33  13:36  Marine  
  33  13:37  Marine x4  
  28  13:44  Marauder  
  38  13:55  Marauder  
  38  14:02  Barracks Tech Lab  
  38  14:05  Marauder  
Show
View Real Time Build Order
Export as new Build Order

Bhop Protoss - Winner!

Build Orders: Double Forge 

Get SALT Encoding   

  12  0:02  Probe (Chrono Boost)  
  13  0:12  Probe (Chrono Boost)  
  14  0:29  Pylon  
  14  0:34  Assimilator  
  14  0:37  Probe (Chrono Boost)  
  14  0:39  Assimilator  
  15  0:47  Probe (Chrono Boost)  
  16  0:58  Probe (Chrono Boost)  
  17  1:09  Probe (Chrono Boost)  
  18  1:19  Probe (Chrono Boost)  
  19  1:28  Gateway  
  19  1:30  Probe (Chrono Boost)  
  20  1:40  Probe (Chrono Boost)  
  21  1:59  Nexus  
  21  2:06  Pylon  
  21  2:10  Probe (Chrono Boost)  
  22  2:20  Probe (Chrono Boost)  
  23  2:24  Zealot  
  25  2:38  Pylon  
  25  2:43  Cybernetics Core  
  25  2:51  Zealot  
  27  3:08  Forge  
  27  3:10  Forge  
  27  3:12  Probe (Chrono Boost)  
  28  3:22  Probe (Chrono Boost)  
  29  3:27  Warp Gate  
  29  3:33  Probe (Chrono Boost)  
  30  3:35  Mothership Core (Chrono Boost)  
  32  3:44  Protoss Ground Weapons Level 1  
  32  3:45  Protoss Ground Armor Level 1  
  32  3:54  Pylon  
  32  4:01  Robotics Facility x2  
  32  4:13  Probe (Chrono Boost)  
  33  4:24  Probe (Chrono Boost)  
  34  4:26  Stalker  
  36  4:34  Probe (Chrono Boost)  
  37  4:45  Probe (Chrono Boost)  
  38  4:50  Immortal x2  
  46  4:55  Probe (Chrono Boost)  
  46  4:56  Stalker  
  49  5:05  Twilight Council  
  49  5:08  Gateway  
  49  5:09  Gateway  
  49  5:13  Probe (Chrono Boost)  
  50  5:22  Assimilator  
  50  5:24  Assimilator, Probe (Chrono Boost)  
  51  5:44  Protoss Ground Weapons Level 2  
  51  5:45  Protoss Ground Armor Level 2  
  51  5:53  Gateway  
  51  5:55  Gateway  
  51  5:58  Gateway  
  51  6:12  Probe (Chrono Boost)  
  52  6:22  Probe (Chrono Boost)  
  52  6:25  Immortal x2  
  61  6:33  Probe (Chrono Boost)  
  61  6:37  Robotics Bay  
  62  6:45  Pylon  
  62  6:49  Pylon  
  62  6:53  Pylon  
  62  6:56  Pylon  
  62  7:04  Probe x2 (Chrono Boost)  
  62  7:06  Stalker  
  62  7:07  Stalker x2  
  70  7:09  Stalker  
  70  7:12  Stalker  
  70  7:14  Probe (Chrono Boost)  
  75  7:15  Stalker  
  75  7:21  Blink  
  77  7:29  Extended Thermal Lance  
  77  7:32  Probe (Chrono Boost)  
  78  7:42  Probe (Chrono Boost)  
  79  7:53  Probe (Chrono Boost)  
  80  8:06  Nexus  
  68  8:49  Colossus x2  
  80  9:03  Stalker x3  
  80  9:04  Stalker  
  88  9:22  Assimilator  
  88  9:27  Assimilator, Probe (Chrono Boost)  
  89  9:35  Protoss Ground Weapons Level 3  
  89  9:38  Protoss Ground Armor Level 3, Probe (Chrono Boost)  
  90  9:42  Colossus x2  
  102  9:48  Probe (Chrono Boost)  
  103  9:59  Probe (Chrono Boost)  
  104  10:00  Stalker  
  104  10:01  Stalker  
  108  10:09  Probe (Chrono Boost)  
  77  10:36  Colossus  
  77  10:37  Observer  
  77  10:40  Stalker x2  
  77  10:41  Stalker x3  
  94  10:47  Stalker  
  96  10:56  Probe (Chrono Boost)  
  97  10:58  Observer  
  98  11:06  Probe (Chrono Boost)  
  99  11:12  Stalker x2  
  99  11:13  Stalker x3  
  109  11:54  Pylon  
  109  11:56  Pylon  
  109  11:59  Pylon  
  109  12:05  Pylon  
  109  12:07  Pylon  
  109  12:12  Probe (Chrono Boost)  
  109  12:14  Stalker x2  
  109  12:15  Stalker x4  
  122  12:21  Protoss Shields Level 1  
  123  12:23  Probe (Chrono Boost)  
  123  12:33  Probe (Chrono Boost)  
  124  12:39  Nexus  
  124  12:44  Stalker x4  
  124  12:45  Stalker  
  109  13:37  Stalker x2  
  109  13:38  Stalker x4  
  133  14:13  Probe (Chrono Boost)  
  134  14:20  Assimilator  
  134  14:23  Assimilator  
  134  14:24  Probe (Chrono Boost)  
Tags
 
Add a new tag
Caveats
  • Supply blocks, unpowered buildings, or Contaminate may cause inaccurate times.
  • Supply counts are checked every 10 seconds.